Map: Eastwatch LE

Players

Supericefree

  • Race: Zerg Zerg
  • League: Platinum
  • Spawn Location: 7:00

tricyclegrad - Winner!

  • Race: Zerg Zerg
  • League: Platinum
  • Spawn Location: 1:00

VOD

Have the link to the VOD?

Description

Time

  • Played on: Feb. 12, 2018, 11:46 a.m.
  • Length: 22:44
Show
View Real Time Build Order
Export as new Build Order

Supericefree Zerg 

Build Orders: Pool First, Lurkers, Zergling Baneling 

Get SALT Encoding   

  12  0:01  Drone  
  13  0:14  Overlord  
  13  0:22  Drone  
  14  0:35  Spawning Pool  
  13  0:38  Drone  
  13  0:42  Extractor  
  13  0:45  Drone  
  14  0:54  Drone x2  
  16  1:00  Drone  
  18  1:11  Drone  
  18  1:29  Hatchery  
  17  1:35  Zergling x2  
  17  1:36  Zergling x2  
  19  1:49  Queen  
  19  1:52  Drone  
  22  2:00  Metabolic Boost  
  22  2:05  Overlord  
  22  2:12  Overlord  
  22  2:27  Drone  
  23  2:32  Drone  
  24  2:37  Zergling x2  
  24  2:42  Baneling Nest  
  23  2:44  Queen  
  23  2:51  Drone  
  26  2:52  Drone x2  
  28  2:59  Drone  
  28  3:04  Drone  
  28  3:05  Drone  
  31  3:07  Drone  
  31  3:12  Drone  
  33  3:14  Drone  
  33  3:22  Zergling x2  
  33  3:25  Zergling x2  
  34  3:32  Zergling x6  
  37  3:45  Baneling  
  37  3:47  Zergling x2, Baneling x3  
  37  3:48  Zergling x6  
  41  3:55  Zergling x2  
  42  3:57  Zergling x2  
  43  4:06  Zergling x6  
  43  4:07  Zergling x2  
  43  4:09  Zergling x2  
  43  4:19  Drone  
  43  4:23  Overlord, Extractor  
  44  4:24  Drone  
  43  4:35  Queen  
  43  4:38  Zergling x2  
  44  4:43  Zergling x4, Baneling x5  
  44  4:44  Zergling x2  
  47  4:46  Drone  
  47  4:48  Extractor  
  47  4:50  Queen  
  49  4:59  Drone x2  
  52  5:00  Zergling x2  
  52  5:06  Hatchery  
  51  5:10  Zergling x2  
  51  5:25  Zergling x2  
  50  5:31  Drone  
  51  5:40  Queen  
  51  5:42  Zergling x2  
  51  6:04  Roach Warren  
  51  6:06  Zergling x4  
  51  6:07  Overlord x3  
  51  6:08  Overlord x2  
  52  6:22  Queen  
  52  6:23  Drone  
  52  6:24  Zergling x4  
  52  6:25  Zergling x2, Drone, Overlord x2  
  59  6:26  Zergling x8  
  59  6:27  Zergling x2  
  64  6:39  Drone x3  
  67  6:49  Zergling x6  
  67  6:51  Drone x2  
  68  7:07  Roach  
  68  7:08  Roach x7  
  77  7:20  Roach x5  
  84  7:29  Drone x2  
  85  7:35  Roach x2  
  85  7:36  Roach  
  90  7:47  Zergling x6  
  93  8:00  Lair  
  93  8:04  Drone x5  
  96  8:06  Drone x3  
  96  8:08  Extractor  
  96  8:09  Zergling x2, Roach  
  96  8:11  Zergling x2  
  102  8:13  Queen  
  104  8:27  Roach x2  
  104  8:28  Overlord x2, Roach x2  
  104  8:29  Overlord  
  112  8:47  Roach x7  
  104  8:50  Roach  
  105  9:02  Roach x6  
  112  9:13  Roach x3  
  112  9:18  Zergling x2, Roach x2  
  115  9:26  Roach x2  
  115  9:31  Roach  
  117  9:42  Drone x3  
  120  9:48  Drone x2  
  120  9:51  Drone  
  120  9:52  Glial Reconstitution  
  123  9:57  Evolution Chamber  
  122  10:00  Hydralisk Den  
  122  10:01  Drone x7  
  122  10:02  Evolution Chamber  
  122  10:06  Drone  
  128  10:22  Drone x8  
  128  10:23  Drone x2  
  128  10:25  Overlord x2  
  137  10:38  Zergling x4  
  137  10:39  Zergling x6  
  138  10:43  Roach  
  138  10:45  Zergling x2  
  138  10:49  Roach x3  
  149  10:50  Roach  
  149  10:51  Zerg Missile Weapons Level 1  
  149  10:52  Zerg Ground Armor Level 1  
  149  10:59  Roach  
  149  11:00  Zergling x4  
  149  11:01  Drone  
  154  11:06  Extractor  
  154  11:07  Extractor  
  154  11:10  Drone x2, Overlord x3  
  154  11:23  Overlord  
  154  11:36  Hydralisk x5  
  154  11:39  Hatchery  
  163  11:42  Muscular Augments, Lurker Den  
  162  12:03  Hydralisk x4  
  170  12:10  Hatchery  
  170  12:13  Overlord x3  
  170  12:14  Infestation Pit, Overseer  
  170  12:15  Overseer  
  168  12:24  Hydralisk  
  154  12:50  Hydralisk x6  
  154  12:51  Hydralisk x5  
  152  12:56  Zergling x8  
  152  12:57  Zergling x2  
  137  13:00  Zergling x4  
  137  13:04  Zergling x4  
  137  13:05  Zergling x2  
  140  13:09  Zergling x2  
  140  13:10  Zergling x4  
  143  13:14  Zergling x6  
  143  13:17  Lurker x2  
  143  13:19  Lurker  
  149  13:21  Lurker  
  149  13:23  Lurker  
  149  13:24  Lurker  
  149  13:25  Lurker  
  153  13:32  Lurker x2  
  153  13:35  Zergling x8  
  147  14:16  Hydralisk x2  
  151  14:18  Zergling x2, Overlord  
  151  14:19  Overlord x4  
  117  14:47  Hydralisk x7  
  116  14:57  Hydralisk x2  
  116  14:58  Hydralisk  
  115  15:02  Hydralisk x2  
  119  15:17  Hive  
  119  15:21  Hydralisk x2  
  119  15:22  Zergling x2  
  119  15:24  Lurker  
  119  15:25  Lurker  
  119  15:26  Lurker  
  119  15:28  Lurker  
  128  15:30  Lurker, Hatchery  
  128  15:38  Zergling x8  
  132  15:44  Hatchery  
  131  15:54  Zergling x10  
  131  15:57  Zergling x8  
  134  15:58  Zergling x2  
  111  16:33  Hydralisk x4  
  110  16:42  Pneumatized Carapace  
  110  16:43  Hydralisk x5  
  110  16:44  Hydralisk  
  122  16:49  Drone x3  
  122  16:50  Drone  
  126  17:15  Lurker  
  127  17:17  Lurker  
  128  17:36  Overseer x2  
  128  17:37  Overseer, Hatchery  
  122  17:39  Zergling x6  
  122  17:40  Hydralisk x5  
  122  17:42  Zergling x2  
  135  17:50  Extractor  
  134  17:58  Drone x5  
  139  18:04  Lurker x2  
  139  18:05  Lurker  
  142  18:15  Hydralisk  
  142  18:16  Zergling x2  
  142  18:17  Drone  
  145  18:49  Overlord x4  
  143  19:07  Zergling x6  
  140  19:14  Zergling x4, Hydralisk x3  
  140  19:15  Hydralisk  
  137  19:23  Drone x5  
  137  19:24  Drone x4  
  146  19:26  Extractor  
  146  19:28  Extractor  
  144  19:36  Hydralisk  
  144  19:37  Hydralisk x3  
  152  19:38  Viper x2, Hatchery  
  157  19:59  Hydralisk x2, Lurker x6  
  163  20:00  Hydralisk x3  
  163  20:01  Zergling x2  
  145  20:35  Hydralisk x5  
  123  20:36  Hydralisk x2  
  123  20:40  Hydralisk x4  
  123  20:41  Zergling x2  
  144  20:49  Infestor x2  
  148  20:56  Overlord  
  138  21:14  Hydralisk x4  
  139  21:31  Infestor x4  
  147  21:40  Overlord x2  
  147  21:43  Drone x3, Extractor  
  149  21:49  Drone x4  
Show
View Real Time Build Order
Export as new Build Order

tricyclegrad Zerg - Winner!

Build Orders: Hatch First 

Get SALT Encoding   

  12  0:01  Drone  
  13  0:13  Overlord  
  13  0:16  Drone  
  14  0:32  Drone x2  
  16  0:37  Drone  
  17  0:53  Hatchery  
  17  0:57  Drone  
  17  1:00  Drone  
  18  1:07  Extractor  
  17  1:18  Spawning Pool  
  17  1:20  Drone  
  17  1:27  Drone  
  18  1:34  Drone  
  18  1:39  Overlord  
  19  2:07  Drone  
  20  2:09  Zergling x4  
  20  2:11  Queen  
  20  2:12  Queen  
  20  2:14  Metabolic Boost  
  26  2:36  Zergling x6  
  29  2:40  Zergling x2  
  29  2:41  Drone  
  29  2:43  Zergling x2  
  32  2:49  Baneling Nest  
  31  2:52  Queen  
  31  2:54  Zergling x2  
  31  2:56  Zergling x2  
  35  3:17  Evolution Chamber  
  34  3:28  Drone x2  
  34  3:29  Overlord  
  36  3:36  Overlord  
  36  3:42  Baneling x2  
  36  3:43  Baneling  
  36  3:47  Drone x2  
  36  3:48  Drone  
  39  3:49  Overlord x2  
  39  3:55  Zerg Melee Weapons Level 1  
  30  4:12  Drone  
  30  4:13  Zergling x4, Drone x2  
  30  4:14  Zergling x2  
  36  4:22  Zergling x2  
  36  4:23  Roach Warren  
  36  4:24  Drone  
  37  4:32  Spine Crawler  
  37  4:36  Zergling x4  
  37  4:37  Zergling x2  
  37  4:45  Zergling x4  
  39  4:49  Drone x2  
  39  4:50  Drone  
  42  5:04  Drone x2  
  42  5:05  Roach x2  
  48  5:07  Queen  
  48  5:13  Baneling x4  
  45  5:27  Roach x3  
  45  5:28  Roach x2  
  53  5:43  Queen  
  53  5:51  Zerg Missile Weapons Level 1  
  53  6:00  Drone x2  
  53  6:01  Zergling x4, Drone x2  
  53  6:02  Zergling x2  
  60  6:11  Overlord x3  
  60  6:22  Extractor  
  60  6:24  Baneling x2  
  59  6:32  Drone x4  
  63  6:33  Zergling x4, Drone  
  63  6:34  Roach  
  67  6:51  Zergling x4  
  67  6:52  Roach x3  
  74  7:18  Roach  
  72  7:23  Baneling x3  
  72  7:24  Extractor  
  71  7:32  Roach x2  
  71  7:34  Zergling x2  
  71  7:35  Zergling x4  
  76  7:39  Extractor  
  76  7:42  Hatchery  
  74  7:47  Roach  
  74  7:48  Roach x2  
  73  7:51  Drone x2  
  74  8:05  Lair  
  74  8:13  Roach  
  76  8:26  Overlord x2  
  76  8:27  Overlord  
  68  8:50  Roach x3  
  68  8:51  Roach x3  
  76  9:11  Zergling x4  
  76  9:12  Zergling x6, Roach x2  
  75  9:24  Glial Reconstitution  
  75  9:26  Zerg Missile Weapons Level 2  
  75  9:32  Drone x4  
  75  9:33  Drone, Roach  
  82  9:46  Roach x3  
  82  9:47  Zergling x2, Roach  
  82  9:49  Centrifical Hooks  
  91  9:53  Baneling x3  
  91  9:54  Baneling x2  
  91  9:56  Queen  
  91  9:59  Zergling x4, Roach  
  97  10:06  Hydralisk Den  
  96  10:14  Drone x3  
  96  10:16  Zergling x2  
  96  10:17  Roach x3  
  96  10:18  Overlord x2  
  106  10:26  Overlord x2  
  94  10:46  Roach x4  
  94  10:47  Roach, Hydralisk  
  94  10:49  Baneling x2  
  106  11:01  Hydralisk x2  
  106  11:02  Hydralisk x3  
  106  11:03  Zergling x8  
  106  11:04  Zergling x2  
  121  11:17  Muscular Augments, Hydralisk  
  123  11:19  Roach x2  
  123  11:20  Roach  
  129  11:27  Drone x2  
  129  11:28  Zergling x6, Drone  
  129  11:30  Extractor  
  129  11:32  Drone x4, Extractor  
  137  11:33  Drone  
  138  11:58  Overlord x6  
  138  11:59  Overlord  
  138  12:04  Zerg Ground Armor Level 1  
  138  12:14  Overlord x4  
  138  12:15  Hatchery  
  138  12:18  Hydralisk x3  
  140  12:45  Roach, Hydralisk x4  
  140  12:46  Roach x3  
  130  12:59  Zergling x4, Hydralisk x2  
  130  13:00  Roach x3  
  142  13:08  Zergling x2  
  142  13:09  Zergling x2  
  144  13:19  Zergling x4  
  148  13:20  Roach  
  148  13:33  Zergling x4, Roach x2, Hydralisk  
  156  13:42  Baneling  
  156  13:43  Baneling x3  
  156  13:44  Zergling x4, Hydralisk x3  
  156  13:45  Zergling x2, Roach x3  
  160  14:04  Overseer  
  160  14:08  Zergling x4, Roach, Hydralisk x2  
  160  14:09  Zergling x6, Roach  
  172  14:10  Zergling x2  
  172  14:22  Zergling x4, Roach, Hydralisk  
  172  14:23  Roach  
  176  14:34  Zergling x2, Hydralisk  
  176  14:35  Zergling x2, Roach x2, Hydralisk  
  176  14:36  Overseer  
  176  14:37  Zergling x2  
  101  14:55  Zergling x4, Hydralisk x2  
  101  14:56  Roach x3  
  95  15:06  Drone x4  
  99  15:09  Zerg Ground Armor Level 2  
  99  15:14  Lurker Den  
  99  15:18  Extractor  
  99  15:19  Overseer  
  99  15:20  Zergling x2, Hydralisk  
  99  15:21  Zergling x2, Roach x2  
  105  15:32  Zergling x2, Hydralisk  
  105  15:33  Roach x2  
  112  15:37  Grooved Spines  
  112  15:44  Zergling x2  
  112  15:45  Zergling x2, Roach x2, Hydralisk x2  
  112  15:46  Drone x6  
  127  16:09  Zergling x6, Hydralisk x2  
  127  16:10  Roach x2, Hydralisk x2  
  141  16:18  Zergling x4, Hydralisk  
  141  16:19  Roach x2  
  143  16:30  Zergling x2, Hydralisk  
  143  16:31  Zergling x2, Roach  
  131  16:41  Overlord  
  131  16:42  Drone, Overlord  
  131  16:43  Drone, Overseer x2  
  131  16:44  Overseer  
  133  16:50  Extractor  
  132  16:56  Lurker x4  
  132  16:57  Lurker x2  
  132  16:59  Overseer  
  132  17:00  Drone x4  
  142  17:03  Roach, Drone, Hydralisk  
  142  17:04  Roach  
  149  17:10  Roach, Hydralisk  
  149  17:11  Roach x2  
  157  17:21  Hatchery  
  150  17:35  Zergling x4, Hydralisk  
  150  17:36  Zergling x2, Roach x2, Hydralisk x3  
  157  17:40  Lurker x2  
  157  17:41  Overseer  
  159  18:03  Drone x2, Hydralisk x2  
  159  18:04  Roach x2, Infestation Pit, Hydralisk x4  
  159  18:05  Zergling x4  
  178  18:20  Roach, Hydralisk x2  
  178  18:21  Roach  
  186  18:28  Extractor  
  186  18:30  Hydralisk x4  
  186  18:32  Extractor  
  190  19:00  Zergling x2, Hydralisk  
  190  19:01  Zergling x2, Roach x2, Hydralisk  
  170  19:22  Zergling x2, Hydralisk  
  170  19:23  Zergling x2, Roach x3, Hydralisk x3  
  186  19:34  Zergling x4, Hydralisk x5  
  198  19:44  Hydralisk x2  
  199  20:04  Hive  
  199  20:07  Zerg Melee Weapons Level 2  
  183  20:43  Hydralisk  
  183  20:44  Hydralisk x5  
  183  20:46  Zergling x8  
  191  21:23  Lurker x4  
  191  21:29  Hydralisk x4  
  185  22:12  Hydralisk x3  
  185  22:13  Hydralisk x2  
Tags
 
Add a new tag
Caveats
  • Supply blocks, unpowered buildings, or Contaminate may cause inaccurate times.
  • Supply counts are checked every 10 seconds.